 Dungeon Crawl Stone Soup version 0.26-a0-30-g56b8cd3df0 (webtiles) character file.

Game seed: 1795233274791666145, levelgen mode: deterministic

439 vurker the Conjurer (level 6, 0/51 HPs)
             Began as a Draconian Conjurer on May 29, 2020.
             Slain by Pikel
             ... wielding a +0 whip of freezing
              (1 damage)
             ... on level 3 of the Dungeon.
             The game lasted 00:06:54 (4744 turns).

vurker the Conjurer (Draconian Conjurer)            Turns: 4744, Time: 00:06:54

Health: 0/51       AC:  7    Str: 11    XL:     6   Next: 70%
Magic:  1/12       EV: 12    Int: 17    God:
Gold:   141        SH:  0    Dex: 11    Spells: 6/13 levels left

rFire    . . .     SeeInvis .   a - +0 short sword
rCold    . . .     Gourm    .   (no shield)
rNeg     . . .     Faith    .   (armour unavailable)
rPois    .         Spirit   .   (helmet restricted)
rElec    .         Reflect  .   (no cloak)
rCorr    .         Harm     .   (no gloves)
MR       .....                  m - +0 pair of boots
Stlth    +++.......             (no amulet)
HPRegen  0.17/turn              n - ring of stealth
MPRegen  0.13/turn              (no ring)

@: slowed, very slow
A: unfitting armour, cold-blooded, AC +6
a: no special abilities


You were on level 3 of the Dungeon.
You were hungry.

You visited 1 branch of the dungeon, and saw 4 of its levels.

You collected 141 gold pieces.

Inventory:

Hand Weapons
 a - a +0 short sword (weapon)
   (You took it off a kobold on level 1 of the Dungeon)
Missiles
 q - 2 throwing nets (quivered)
Armour
 m - a +0 pair of boots (worn)
   (You found it on level 3 of the Dungeon)
Jewellery
 n - a ring of stealth (left hand)
   (You found it on level 3 of the Dungeon)
Scrolls
 b - 2 scrolls of remove curse {unknown}
 c - 2 scrolls of magic mapping {unknown}
 d - 3 scrolls of identify {unknown}
 f - a scroll of fog {unknown}
 h - 2 scrolls of teleportation {unknown}
 j - a scroll of enchant weapon {unknown}
 k - a scroll of enchant armour {unknown}
 o - a scroll of fear {unknown}
Potions
 g - 2 potions of degeneration {unknown}
 i - a potion of heal wounds {unknown}
 l - a potion of haste {unknown}
 p - a potion of lignification {unknown}
Comestibles
 e - 11 rations


   Skills:
 + Level 3.1 Fighting
 - Level 1.7 Dodging
 - Level 1.7 Stealth
 * Level 4.4 Spellcasting
 * Level 6.0 Conjurations


You had 6 spell levels left.
You knew the following spells:

 Your Spells              Type           Power        Failure   Level  Hunger
a - Magic Dart            Conj           ###.         1%          1    None
b - Searing Ray           Conj           ###...       1%          2    ##.....
c - Iskenderun's Mystic   Conj/Tloc      ##......     41%         4    ####...

Your spell library contained the following spells:

 Spells                   Type           Power        Failure   Level  Hunger
 Dazzling Flash           Conj/Hex       ##....       13%         3    ###....
 Fulminant Prism          Conj/Hex       ##........   41%         4    ####...


Dungeon Overview and Level Annotations

Branches:
Dungeon (4/15)
 Temple: D:4-7

Altars:
Sif Muna

Annotations:
D:3 Pikel


Innate Abilities, Weirdness & Mutations

Your plain brown scales are hard. (AC +6)
You cannot fit into any form of body armour.
You are cold-blooded and may be slowed by cold attacks.


Message History

Aim: Pikel, wielding a +0 whip of freezing and wearing a +0 robe (almost dead)
The magic dart hits Pikel but does no damage.
Pikel hits you with a +0 whip of freezing.
* * * LOW HITPOINT WARNING * * *
Pikel freezes you.
* * * LOW HITPOINT WARNING * * *
You feel yourself speed up.
Pikel hits you with a +0 whip of freezing.
* * * LOW HITPOINT WARNING * * *
Pikel freezes you.
* * * LOW HITPOINT WARNING * * *
Aim: Pikel, wielding a +0 whip of freezing and wearing a +0 robe (almost dead)
The magic dart hits Pikel.
Pikel completely misses you.
Pikel smiles. "I know this place well.
And it is filled with the corpses of daring fools like you!
Won't you join me?"
Aim: Pikel, wielding a +0 whip of freezing and wearing a +0 robe (almost dead)
The magic dart hits Pikel but does no damage.
There is an open door here.
You see here a +0 flail.
You see here a cursed -1 club.
Aim: Pikel, wielding a +0 whip of freezing and wearing a +0 robe (almost dead)
The magic dart hits Pikel but does no damage.
Pikel hits you with a +0 whip of freezing.
* * * LOW HITPOINT WARNING * * *
Pikel freezes you.
* * * LOW HITPOINT WARNING * * *
You aren't carrying any items that you can evoke.
Unknown command.
Pikel says, "You'll feel the lick of my whip!"
Aim: Pikel, wielding a +0 whip of freezing and wearing a +0 robe (almost dead)
The magic dart hits Pikel.
Pikel hits you but does no damage.
There is a stone staircase leading up, spattered with blood here.
Pikel hits you with a +0 whip of freezing.
* * * LOW HITPOINT WARNING * * *
You feel yourself slow down. Pikel freezes you.
* * * LOW HITPOINT WARNING * * *
You climb upwards.
You feel yourself speed up.
There is a stone staircase leading down here.
Unknown command.
Unknown command.
Unknown command.
Unknown command.
Unknown command.
Unknown command.
Pikel hits you with a +0 whip of freezing.
* * * LOW HITPOINT WARNING * * *
You feel yourself slow down. Pikel freezes you.
You die...

..#.......###.##.#
#.# ###########
#..#.# #.# ##.#.#
#.# #.#.######.#
#.#........#
########.).########
#......##..#######
#......##........#
#...(..##.@......#
#.........K......#
#........).......#
######...........#
#...........#
#....########
#<...# #....#
#....#


You could see Pikel.

Vanquished Creatures
  Eustachio (D:4)
  3 slaves
  Blork the orc (D:4)
  An iguana (D:4)
  A worker ant (D:4)
  6 adders
  3 gnolls (D:4)
  An ooze (D:2)
  5 worms
  3 leopard geckos
  10 bats
  4 giant cockroaches
  11 hobgoblins
  5 jackals
  11 kobolds
  4 quokkas
  3 ball pythons
  5 frilled lizards
  6 goblins
  8 rats
92 creatures vanquished.

Notes
Turn   | Place    | Note
-------+----------+-------------------------------------------
     0 | D:1      | vurker the Draconian Conjurer began the quest for the Orb.
     0 | D:1      | Reached XP level 1. HP: 14/14 MP: 3/3
   529 | D:1      | Reached XP level 2. HP: 22/22 MP: 0/5
  1283 | D:2      | Reached skill level 1 in Fighting
  1461 | D:2      | Reached XP level 3. HP: 28/28 MP: 1/6
  1465 | D:2      | Learned a level 2 spell: Searing Ray
  2056 | D:2      | Reached XP level 4. HP: 35/35 MP: 2/8
  2992 | D:3      | Reached skill level 5 in Conjurations
  3149 | D:3      | Found a shimmering blue altar of Sif Muna.
  3268 | D:3      | Reached XP level 5. HP: 41/41 MP: 6/10
  3579 | D:3      | Learned a level 4 spell: Iskenderun's Mystic Blast
  3994 | D:4      | Noticed a slave
  3995 | D:4      | Noticed a slave
  3996 | D:4      | Noticed a slave
  4017 | D:4      | Killed a slave
  4028 | D:3      | Killed a slave
  4266 | D:4      | Noticed Eustachio
  4286 | D:4      | Killed Eustachio
  4286 | D:4      | Reached XP level 6. HP: 49/50 MP: 1/12
  4333 | D:4      | Noticed Blork the orc
  4338 | D:4      | Killed Blork the orc
  4671 | D:4      | Noticed Pikel
  4672 | D:4      | Noticed a slave
  4694 | D:4      | Reached skill level 6 in Conjurations
  4698 | D:4      | Killed a slave
  4744 | D:3      | HP: 1/51 [Pikel/+0 whip of freezing (3)]
  4744 | D:3      | Slain by Pikel

Illustrated notes

Levels and vault maps discovered:
D:1:      wander_arrival_peaceful_grave, layout_basic
D:2:      layout_basic, first_ration, minmay_quantized
D:3:      layout_basic, lemuel_blue_sif_altar
D:4:      layout_basic, uniq_pikel, uniq_eustachio, uniq_blork_the_orc

Skill      XL: |  1  2  3  4  5  6 |
---------------+-------------------+-----
Fighting       | 1 2 3 |  3.1
Spellcasting   | 3 4 |  4.4
Conjurations   | 5 6 |  6.0
Dodging        | |  1.7
Stealth        | |  1.7

Action                   |  1- 3 |  4- 6 || total
-------------------------+-------+-------++-------
Melee: Unarmed           |    19 |       ||    19
       Short sword       |    10 |    18 ||    28
       Tailslap          |     3 |     2 ||     5
 Cast: Magic Dart        |    88 |   144 ||   232
       Searing Ray       |       |     9 ||     9
  Eat: Chunk             |     4 |     8 ||    12
Armor: Skin              |    10 |    12 ||    22
Dodge: Dodged            |    31 |    27 ||    58

Table legend:
 A = Non-vault XP
 B = Vault XP
 C = Vault XP percentage of total XP
 D = Non-vault monster count
 E = Vault monster count
 F = Vault count percentage of total count
                 A         B        C        D         E       F
            +---------+---------+-------+---------+---------+-------
      Total |     340 |     288 |  45.9 |      83 |       6 |   6.7
            +---------+---------+-------+---------+---------+-------
        D:1 |      31 |       0 |   0.0 |      19 |       0 |   0.0
        D:2 |     119 |       6 |   4.8 |      32 |       4 |  11.1
        D:3 |      67 |       0 |   0.0 |      24 |       0 |   0.0
        D:4 |     123 |     282 |  69.6 |       8 |       2 |  20.0
            +---------+---------+-------+---------+---------+-------
